 Dungeon Crawl Stone Soup version 0.29.1-12-g30fa7ad0bf (webtiles) character file.

Game seed: 1643399370654276622

37 Radix the Digger (level 3, -3/19 HPs)
             Began as a Gargoyle Earth Elementalist on Dec 19, 2022.
             Slain by Terence
             ... wielding a +3 flail of protection
              (9 damage)
             ... on level 2 of the Dungeon.
             The game lasted 00:04:58 (1159 turns).

Radix the Digger (Gargoyle Earth Elementalist)      Turns: 1159, Time: 00:04:58

Health: -3/19      AC:  5    Str: 11    XL:     3   Next: 39%
Magic:  4/7        EV:  8    Int: 17    God:
Gold:   51         SH:  0    Dex: 10    Spells: 6/7 levels left

rFire   . . .      SeeInvis .   d - +1 short sword (venom)
rCold   . . .      Faith    .   (no shield)
rNeg    + . .      Spirit   .   a - +0 robe
rPois   ∞          Reflect  .   (no helmet)
rElec   +          Harm     .   (no cloak)
rCorr   .          Rampage  .   (no gloves)
Will    .....                   (no boots)
Stlth   ++........              (no amulet)
HPRegen 0.06/turn               (no ring)
MPRegen 0.10/turn               (no ring)

@: constricted
A: sickness immunity, AC +3, negative energy resistance 1, electricity
resistance, torment resistance 1, petrification resistance
a: no special abilities


You were on level 2 of the Dungeon.
You visited 1 branch of the dungeon, and saw 2 of its levels.

You collected 51 gold pieces.

Inventory:

Hand Weapons
 d - a +1 short sword of venom (weapon)
Armour
 a - a +0 robe (worn)
Scrolls
 c - 2 scrolls of enchant armour {unknown}
 g - a scroll of noise {unknown}
 i - 3 scrolls of fog {unknown}
Potions
 b - a potion of magic
 e - a potion of attraction {unknown}
 f - a potion of might {unknown}
 j - 2 potions of flight {unknown}


   Skills:
 - Level 1.5 Dodging
 - Level 2.2 Stealth
 + Level 2.8 Spellcasting
 - Level 0.7 Transmutations
 + Level 4.5 Earth Magic


You had 6 spell levels left.
You knew the following spells:

 Your Spells              Type           Power      Damage    Failure   Level
a - Sandblast             Erth           34%        2d9       2%          1

Your spell library contained the following spells:

 Spells                   Type           Power      Damage    Failure   Level
 Passwall                 Tmut/Erth      9%         N/A       9%          2
 Stone Arrow              Conj/Erth      20%        3d8       22%         3
 Petrify                  Tmut/Erth      11%        N/A       52%         4


Dungeon Overview and Level Annotations

Branches:
Dungeon (2/15)

Altars:

Annotations:
D:2 Terence


Innate Abilities, Weirdness & Mutations

You are immune to sickness and miasma.
Your stone body is resilient. (AC +3)
You are immune to poison.
You resist negative energy. (rN+)
You are resistant to electric shocks. (rElec)
You are resistant to unholy torment.
You are immune to petrification.


Message History

Found a silvery potion and a large garnet ring.
Found a stone staircase leading down.
There is a stone staircase leading up here.
A frilled lizard comes into view.
Aiming: Sandblast (safe; 2% risk of failure)
Press: ? - help, Q - select action Shift-Dir - straight line, f - frilled lizard
Aim: a frilled lizard (asleep, 100% to hit)
The blast of sand hits the frilled lizard!
You kill the frilled lizard!
Terence shouts!
The goblin shouts!
A ball python comes into view.
Terence says, "How do you enjoy it?"
Aiming: Sandblast (safe; 2% risk of failure)
Press: ? - help, Q - select action Shift-Dir - straight line, f - Terence
Aim: Terence, wielding a +3 flail of protection and wearing a +0 ring mail (84% to hit)
The blast of sand hits Terence.
Terence is moderately wounded.
The ball python hisses angrily.
Aiming: Sandblast (safe; 2% risk of failure)
Press: ? - help, Q - select action Shift-Dir - straight line, f/p - Terence
Aim: Terence, wielding a +3 flail of protection and wearing a +0 ring mail (moderately wounded, 84% to hit)
The blast of sand hits Terence but does no damage.
Terence is moderately wounded.
Terence hits you with a +3 flail of protection!
Ouch! That really hurt!
Aiming: Sandblast (safe; 2% risk of failure)
Press: ? - help, Q - select action Shift-Dir - straight line, f/p - Terence
Aim: Terence, wielding a +3 flail of protection and wearing a +0 ring mail (moderately wounded, 84% to hit)
The blast of sand hits Terence but does no damage.
Terence is moderately wounded.
The goblin closely misses you. Terence barely misses you.
Terence hits you but does no damage. The goblin hits you but does no damage.
As you read the scroll labelled FEN WOISSU, it crumbles to dust.
It is a scroll of brand weapon.
Your +1 short sword of distortion drips with poison.
d - a +1 short sword of venom (weapon)
The ball python closely misses you. The ball python grabs you.
The ball python constricts you.
Terence hits you with a +3 flail of protection!
You die...

#†#######...#
#..........#
##....###.##
#.##...#..#
#######.####.#..#
....>...####.#..#
...#.......!....#
.........<......#
...#.........@.##
.. ##.......S@g.#
.
...............#
###..........#...
#..........#.....
#................
#................
........... ...


You could see Terence, a goblin and a ball python.

Vanquished Creatures
  A gnoll (D:1)
  A ball python (D:1)
  2 bats (D:1)
  2 endoplasms (D:1)
  7 hobgoblins (D:1)
  A kobold (D:1)
  A quokka (D:1)
  2 frilled lizards
  4 goblins (D:1)
  4 rats (D:1)
25 creatures vanquished.

Notes
Turn   | Place    | Note
-------+----------+-------------------------------------------
     0 | D:1      | Radix the Gargoyle Earth Elementalist began the quest for
                  | the Orb.
     0 | D:1      | Reached XP level 1. HP: 10/10 MP: 3/3
   119 | D:1      | Reached skill level 4 in Earth Magic
   119 | D:1      | Reached XP level 2. HP: 15/15 MP: 3/5
   681 | D:1      | Reached XP level 3. HP: 19/19 MP: 4/6
  1138 | D:2      | Noticed Terence
  1159 | D:2      | Slain by Terence

Illustrated notes

Levels and vault maps discovered:
D:1:      amcnicky_arrival_single_pillar, layout_loops_ring, patterned_corridor
D:2:      layout_rooms, uniq_terence, uniq_natasha, uniq_sigmund

Skill      XL: |  1 |
---------------+----+-----
Earth Magic    | 4 |  4.5
Dodging        | |  1.5
Stealth        | |  2.2
Spellcasting   | |  2.8
Transmutations | |  0.7

Action                   || total
-------------------------++-------
 Cast: Sandblast         ||    34
  Use: Scroll            ||     1
Armor: Robe              ||     2
Dodge: Dodged            ||     3
